 Dungeon Crawl Stone Soup version 0.18.1-50-g88ac8fd (webtiles) character file.

1395 Raidriar the Unseen (level 8, 0/51 HPs)
             Began as a Felid Berserker on Sept 28, 2016.
             Was an Elder of Trog.
             Slain by Erica
             ... wielding a +4 scimitar of flaming
              (22 damage)
             ... on level 9 of the Dungeon.
             The game lasted 00:51:15 (8414 turns).

Raidriar the Unseen (Felid Berserker)               Turns: 8414, Time: 00:51:16

Health: 0/51       AC:  2    Str: 18    XL:     8   Next: 41%
Magic:  9/9        EV: 22    Int: 13    God:    Trog [****..]
Gold:   458        SH:  0    Dex: 19    Spells: 0 memorised, 7 levels left
                                        Lives:  0   Deaths: 2

rFire  . . .     SeeInvis +       - Unarmed
rCold  . . .     Gourm    +     (armour unavailable)
rNeg   . . .     Faith    .     (shield unavailable)
rPois  .         Spirit   .     (helmet unavailable)
rElec  .         Dismiss  .     (cloak unavailable)
rCorr  .         Reflect  .     (gloves unavailable)
SustAt .         Harm     .     (boots unavailable)
MR     +....                    e - amulet of the gourmand
Stlth  ..........               B - +2 ring of evasion
                                u - +5 ring of intelligence

@: berserking, very quick, somewhat resistant to hostile enchantments, extremely
unstealthy
A: no armour, no weapons or thrown items, claws 1, fangs 3, see invisible,
carnivore 3, speed 1, shaggy fur 2, slow metabolism 1, sharp paws
a: Berserk, Trog's Hand, Brothers in Arms, Burn Spellbooks, Renounce Religion


You were on level 9 of the Dungeon.
You worshipped Trog.
Trog was greatly pleased with you.
You were full.

You visited 1 branch of the dungeon, and saw 9 of its levels.

You collected 458 gold pieces.

Inventory:

Jewellery
 e - an amulet of the gourmand (around neck)
 u - a +5 ring of intelligence (left paw)
 x - an uncursed ring of wizardry
 y - an uncursed amulet of the gourmand
 B - a +2 ring of evasion (right paw)
Wands
 r - a wand of digging (6/24)
 F - a wand of lightning (4/15)
 H - a wand of flame (17/48)
 I - a wand of slowing (18/48)
 K - a wand of confusion (32/48)
Scrolls
 c - 2 scrolls of magic mapping {unknown}
 d - 6 scrolls of remove curse {unknown}
 f - 3 scrolls of enchant weapon {unknown}
 g - 2 scrolls of teleportation {unknown}
 k - 6 scrolls of identify {unknown}
 n - a scroll of random uselessness {unknown}
 q - 2 scrolls of recharging {unknown}
 s - a scroll of fear {unknown}
 v - a scroll of enchant armour {unknown}
 w - a scroll of noise {unknown}
 z - 2 scrolls of blinking {unknown}
 A - a scroll of amnesia {unknown}
 C - a scroll of immolation {unknown}
Potions
 h - 3 potions of curing {unknown}
 i - 3 potions of resistance {unknown}
 j - a potion of flight {unknown}
 l - 4 potions of agility {unknown}
 o - a potion of mutation {unknown}
 p - a potion of degeneration {unknown}
 t - 2 potions of might {unknown}
 E - a potion of cure mutation {unknown}
 G - a potion of berserk rage {unknown}
Books
 D - a book of Necromancy

   Spells                             Type                      Level
   a - Pain                           Necromancy                   1
   b - Animate Skeleton               Necromancy                   1
   c - Vampiric Draining              Necromancy                   3
   d - Regeneration                   Charms/Necromancy            3
   e - Animate Dead                   Necromancy                   4
   f - Control Undead                 Necromancy                   4
   Trog disapproves of the use of such an item.
Comestibles
 a - 5 meat rations
 b - 5 beef jerkies
 m - 6 slices of pizza


   Skills:
 - Level 3.0 Fighting
 - Level 4.1 Dodging
 + Level 18.1 Stealth
 - Level 3.1 Unarmed Combat


You had 7 spell levels left.
You didn't know any spells.

Dungeon Overview and Level Annotations

Branches:
Dungeon (9/15)
 Temple: D:4-7         Lair: D:8-11         Orc: D:9-12

Altars:
Cheibriados
Fedhas
Kikubaaqudgha
Makhleb
Nemelex Xobeh
Okawaru
Pakellas
Ru
Trog
Xom
Zin
The Shining One

Shops:
D:4 (

Annotations:
D:9 Erica


Innate Abilities, Weirdness & Mutations

You cannot wear armour.
You are incapable of wielding weapons or throwing items.
You have sharp claws.
You have razor-sharp teeth.
You have supernaturally acute eyesight.
You are carnivorous and can eat meat at any time.
You cover ground quickly.
You are covered in thick fur (AC +2).
You have a slow metabolism.
Your sharp claws are effective at attacking unaware monsters.


Message History

You continue eating. x2
Found a stone staircase leading down.
You now have 458 gold pieces (gained 15).
Found a stone staircase leading down.
A necrophage comes into view.
Found a hand axe.
You pounce on the unaware helpless necrophage!
You eviscerate the necrophage!!!
You destroy the necrophage!
Your Stealth skill increases to level 18!
Erica the Fiery-Tempered comes into view.
She is wielding a scimitar of flaming.
An iguana comes into view.
Erica shouts!
The iguana hisses angrily.
You fail to use your ability.
Erica hits you with a scimitar of flaming!
Erica burns you.
A red film seems to cover your vision as you go berserk!
You feel yourself moving faster!
You feel mighty!
You feel somewhat less full.
Erica hits you with a scimitar of flaming!!
You die...

................>.......#
#####................##.#
............)...........#
........#......#####..###
#######.#.#...........#
#.#.#..#.#......#
#.#.#..#.#.##.#.#
#.#.#..#.#.##.#.#
#.#.#..#.#@##.#.#
#.#.#..#.#@l..#.#
#.#.#..#.#......#
#.#.#..#.#.###### #.#..
###


You could see Erica and an iguana.

Vanquished Creatures
  Joseph (D:7)
  A hippogriff (D:7)
  A water moccasin (D:8)
  2 orc warriors
  Duvessa (D:4)
  An ice beast (D:5)
  2 necrophages
  6 ogres
  The ghost of smoot the Slasher, an amateur DsFi (D:3)
  2 centaurs
  A big kobold (D:7)
  3 giant frogs
  A wyvern skeleton (D:8)
  Dowan (D:4)
  2 scorpions
  4 crimson imps
  A quasit (D:8)
  A jelly (D:6)
  5 orc priests
  A centaur skeleton (D:5)
  A giant frog skeleton (D:7)
  9 orc wizards
  An iguana (D:8)
  7 worker ants
  A killer bee zombie (D:8)
  2 hound zombies
  A mummy (D:7)
  A worker ant zombie (D:5)
  4 gnolls (D:2)
  10 adders
  2 worms (D:2)
  4 dart slugs
  6 giant geckos
  32 orcs
  2 ball pythons (D:3)
  6 bats
  5 giant cockroaches
  10 goblins
  4 hobgoblins
  4 jackals
  5 quokkas
  6 giant newts
  6 kobolds
  5 rats
172 creatures vanquished.

Vanquished Creatures (others)
  4 fungi (D:7)
  A plant (D:7)
5 creatures vanquished.

Grand Total: 177 creatures vanquished

Notes
Turn   | Place    | Note
--------------------------------------------------------------
     0 | D:1      | Raidriar the Felid Berserker began the quest for the Orb.
     0 | D:1      | Reached XP level 1. HP: 10/10 MP: 2/2
    84 | D:1      | Reached skill level 1 in Stealth
    97 | D:1      | Reached skill level 2 in Stealth
    97 | D:1      | Reached XP level 2. HP: 4/14 MP: 3/3
   423 | D:1      | Reached skill level 3 in Stealth
   528 | D:1      | Reached ** piety under Trog
   607 | D:2      | Reached XP level 3. HP: 6/17 MP: 4/4
   634 | D:2      | Reached skill level 4 in Stealth
   741 | D:2      | Reached skill level 5 in Stealth
   741 | D:2      | Reached XP level 4. HP: 21/21 MP: 5/5
   850 | D:2      | Found a sacrificial altar of Ru.
  1141 | D:2      | Reached skill level 6 in Stealth
  1419 | D:3      | Reached XP level 5. HP: 24/24 MP: 6/6
  1743 | D:3      | Noticed smoot's ghost (amateur DsFi)
  1770 | D:3      | Killed smoot's ghost
  1770 | D:3      | Reached skill level 8 in Stealth
  1943 | D:3      | Reached *** piety under Trog
  1956 | D:3      | Gained mutation: You are covered in thick fur (AC +2). [Felid growth]
  1956 | D:3      | Reached XP level 6. HP: 28/28 MP: 7/7
  2261 | D:4      | Reached skill level 9 in Stealth
  2492 | D:4      | Found Jeotsi's Antique Weapon Emporium.
  2552 | D:4      | Noticed Dowan
  2554 | D:4      | Noticed Duvessa
  2560 | D:4      | Killed Dowan
  2560 | D:4      | Reached skill level 10 in Stealth
  2565 | D:4      | Killed Duvessa
  2565 | D:4      | Reached XP level 7. HP: 23/31 MP: 8/8
  2940 | D:5      | Entered Level 5 of the Dungeon
  2945 | D:5      | Reached skill level 11 in Stealth
  3448 | D:5      | Reached skill level 12 in Stealth
  3774 | D:6      | Found a glowing silver altar of Zin.
  3800 | D:6      | Reached XP level 8. HP: 22/34 MP: 9/9
  4122 | D:6      | Reached skill level 13 in Stealth
  4793 | D:6      | Found a burning altar of Makhleb.
  4795 | D:6      | Found a shimmering altar of Xom.
  4799 | D:6      | Found an ancient bone altar of Kikubaaqudgha.
  4800 | D:6      | Found a snail-covered altar of Cheibriados.
  4800 | D:6      | Found an iron altar of Okawaru.
  4800 | D:6      | Found an oddly glowing altar of Pakellas.
  4800 | D:6      | Found a sparkling altar of Nemelex Xobeh.
  4803 | D:6      | Found a bloodstained altar of Trog.
  4805 | D:6      | Found a glowing golden altar of the Shining One.
  4807 | D:6      | Found a blossoming altar of Fedhas.
  4986 | D:7      | Reached **** piety under Trog
  5151 | D:7      | Reached skill level 14 in Stealth
  5407 | D:7      | Noticed Joseph
  5558 | D:7      | Mangled by Joseph
  5559 | D:7      | Reached XP level 7. HP: -8/31 MP: 8/8
  5582 | D:7      | Killed Joseph
  5582 | D:7      | Reached skill level 15 in Stealth
  5582 | D:7      | Reached XP level 8. HP: 8/34 MP: 9/9
  6374 | D:7      | Reached skill level 16 in Stealth
  7344 | D:8      | Reached skill level 17 in Stealth
  7344 | D:8      | Reached XP level 9. HP: 37/37 MP: 10/10
  8353 | D:9      | HP: 1/54 [orc priest/nerve-wracking pain (8)]
  8359 | D:9      | Slain by an orc
  8360 | D:9      | Reached XP level 8. HP: -1/49 MP: 9/9
  8395 | D:9      | Reached skill level 18 in Stealth
  8408 | D:9      | Noticed Erica
  8414 | D:9      | Slain by Erica

Skill      XL: |  1  2  3  4  5  6  7  8 |
---------------+-------------------------+-----
Stealth        | 2 3 5 6 8 10 15 18 | 18.1
Fighting       | |  3.0
Dodging        | |  4.1
Unarmed Combat | |  3.1

Action                   |  1- 3 |  4- 6 |  7- 9 || total
-------------------------+-------+-------+-------++-------
Melee: Unarmed           |    65 |   150 |   392 ||   607
       Bite              |     3 |     7 |    54 ||    64
       Punch             |       |     1 |    10 ||    11
Invok: Berserk           |     2 |     3 |    20 ||    25
       Trog's Hand       |     1 |     1 |     2 ||     4
 Stab: Sleeping          |     7 |    20 |    24 ||    51
       Distracted        |       |       |     2 ||     2
  Eat: Chunk             |     8 |     7 |    38 ||    53
Armor: Skin              |     3 |     4 |    13 ||    20
Dodge: Dodged            |    54 |   112 |   284 ||   450
